 Seeded DCSS version 0.30-a0-377-g5cb311bc9f (webtiles) character file.

Game seed: 12882034922843276435 (custom seed)

84 purpskrrrp the Chopper (level 4, -13/37 HPs)
             Began as a Minotaur Hunter on Nov 28, 2022.
             Mangled by an ogre
             ... wielding a +0 giant club
              (26 damage)
             ... on level 5 of the Dungeon.
             The game lasted 00:02:33 (2097 turns).

purpskrrrp the Chopper (Minotaur Hunter)            Turns: 2097, Time: 00:02:34

Health: -13/37     AC:  3    Str: 17    XL:     4   Next: 23%
Magic:  3/3        EV: 12    Int:  6    God:
Gold:   167        SH:  0    Dex: 14    Spells: 3/3 levels left

rFire   . . .      SeeInvis .    a - +0 shortbow
rCold   . . .      Faith    .    (shield currently unavailable)
rNeg    . . .      Spirit   .    c - +0 leather armour
rPois   .          Reflect  .    (helmet restricted)
rElec   .          Harm     .    (no cloak)
rCorr   .          Rampage  .    (no gloves)
Will    .....                    (no boots)
Stlth   +.........               (no amulet)
HPRegen 0.26/turn                h - ring of flight
MPRegen 0.08/turn                (no ring)

@: flying, studying Axes
A: horns 2, retaliatory headbutt
a: no special abilities


You were on level 5 of the Dungeon.
You visited 1 branch of the dungeon, and saw 6 of its levels.

You collected 167 gold pieces.

Inventory:

Hand Weapons
 a - a +0 shortbow (weapon)
Armour
 c - a +0 leather armour (worn)
Jewellery
 h - a ring of flight (left hand)
Wands
 m - a wand of flame (4)
Scrolls
 b - a scroll of immolation
 d - a scroll of noise {unknown}
 e - a scroll of enchant armour {unknown}
 f - 2 scrolls of blinking {unknown}
 g - 2 scrolls of butterflies {unknown}
 j - a scroll of magic mapping {unknown}
 l - a scroll of enchant weapon {unknown}
 n - 2 scrolls of identify {unknown}
 q - a scroll of vulnerability {unknown}
 r - a scroll of torment {unknown}
Potions
 i - 2 potions of heal wounds {unknown}
 k - a potion of attraction {unknown}
 o - 4 potions of brilliance {unknown}
 p - a potion of magic {unknown}


   Skills:
 - Level 2.4 Fighting
 * Level 6.0 Axes
 - Level 4.9 Ranged Weapons
 - Level 2.1 Dodging
 - Level 0.7 Stealth


You had 3 spell levels left.
You didn't know any spells.
Your spell library contained the following spells:

 Spells                   Type           Power      Damage    Failure   Level
 Blink                    Tloc           0%         N/A       67%         2
 Momentum Strike          Conj/Tloc      0%         3d8       67%         2
 Lesser Beckoning         Tloc           0%         N/A       88%         3


Dungeon Overview and Level Annotations

Branches:
Dungeon (6/15)
 Temple: D:4-7

Altars:
Dithmenos
Yredelemnul


Innate Abilities, Weirdness & Mutations

You have a pair of horns on your head.
You reflexively headbutt those who attack you in melee.


Message History

You shoot an arrow. The arrow hits the ogre.
The ogre is lightly wounded.
You shoot an arrow. The arrow hits the ogre!
The ogre is moderately wounded.
You shoot an arrow.
The arrow hits the ogre but does no damage.
The ogre is moderately wounded.
You shoot an arrow.
The arrow hits the ogre but does no damage.
The ogre is moderately wounded.
You shoot an arrow. The arrow hits the ogre.
The ogre is heavily wounded.
The ogre hits you with a +0 giant club.
You shoot an arrow. The arrow hits the ogre.
The ogre is severely wounded.
The ogre hits you with a +0 giant club.
You shoot an arrow. The arrow barely misses the ogre.
The ogre hits you with a +0 giant club!!
You are too injured to fight recklessly!
You are too injured to fight recklessly!
You are too injured to fight recklessly!
You are too injured to fight recklessly!
You are too injured to fight recklessly!
You are too injured to fight recklessly!
You are too injured to fight recklessly!
You are too injured to fight recklessly!
You are too injured to fight recklessly!
You are too injured to fight recklessly!
You are too injured to fight recklessly!
You are too injured to fight recklessly!
You are too injured to fight recklessly!
You are too injured to fight recklessly!
You are too injured to fight recklessly!
You are too injured to fight recklessly!
You are too injured to fight recklessly!
You are too injured to fight recklessly!
You shoot an arrow. The arrow barely misses the ogre.
The ogre hits you with a +0 giant club!!
Ouch! That really hurt!
You die...

########
##########......#
#...............#
#..........@O...#
##...........(...#
#...................
#.......≈≈≈≈≈≈≈≈....
#.......≈.......≈..#
#.......≈.#.###.≈...
#.......≈.#...#.≈..#
##....).≈.#._.#.≈..#
#......≈.#...#.≈..


You could see an ogre.

Vanquished Creatures
  4 adders
  A worm (D:3)
  An orc (D:3)
  2 ball pythons (D:3)
  7 bats
  3 endoplasms
  6 hobgoblins
  3 kobolds
  2 quokkas
  5 frilled lizards
  4 goblins
  4 rats
42 creatures vanquished.

Notes
Turn   | Place    | Note
-------+----------+-------------------------------------------
     0 | D:1      | purpskrrrp the Minotaur Hunter began the quest for the Orb.
     0 | D:1      | Reached XP level 1. HP: 18/18 MP: 0/0
   196 | D:1      | Reached XP level 2. HP: 25/25 MP: 1/1
   196 | D:1      | Identified a scroll of acquirement
   196 | D:1      | Acquired a manual of Axes
   255 | D:1      | Reached skill level 1 in Axes
   296 | D:1      | Reached skill level 2 in Axes
  1042 | D:2      | Reached skill level 3 in Axes
  1112 | D:2      | Reached XP level 3. HP: 16/30 MP: 2/2
  1211 | D:3      | Reached skill level 4 in Axes
  1262 | D:3      | Reached skill level 5 in Axes
  1326 | D:3      | Found a shadowy altar of Dithmenos.
  1512 | D:3      | Reached XP level 4. HP: 37/37 MP: 3/3
  1557 | D:3      | Found a faded altar of an unknown god.
  2030 | D:4      | Noticed a scorpion
  2030 | D:4      | You are sucked into a shaft and drop 2 floors!
  2034 | D:5      | Entered Level 5 of the Dungeon
  2051 | D:5      | Found a basalt altar of Yredelemnul.
  2068 | D:5      | Reached skill level 6 in Axes
  2068 | D:5      | Noticed an ogre
  2097 | D:5      | Mangled by an ogre

Illustrated notes

Levels and vault maps discovered:
D:1:      eino_arrival_water_cross, layout_basic
D:2:      layout_basic, solitary_fountain
D:3:      layout_loops_ring, mainiacjoe_overflow_24_doors,
          basic_ecumenical_altar, minmay_misc_feat_rows,
          kennysheep_small_spiral, wander_ebering_terrifying_dragon_lair
D:4:      layout_loops_ring, led_sif_book, mainiacjoe_overflow_chevrons,
          nicolae_ossuary_entry_plus, serial_shops, nicolae_shop_waterfront,
          nicolae_hexahallways, uniq_menkaure
D:5:      layout_basic, kennysheep_slug_shrine, mainiacjoe_overflow_brackets,
          minmay_temple_entry_gardened_gates, grunt_decor_clamped,
          uniq_crazy_yiuf_cottage
D:6:      layout_basic, minmay_overflow_temple_star_hex

Skill      XL: |  1  2  3  4 |
---------------+-------------+-----
Axes           | 3 5 6 |  6.0
Fighting       | |  2.4
Ranged Weapons | |  4.9
Dodging        | |  2.1
Stealth        | |  0.7

Action                   |  1- 3 |  4- 6 || total
-------------------------+-------+-------++-------
 Fire: Shortbow          |   111 |    23 ||   134
  Use: Scroll            |     1 |       ||     1
Armor: Leather armour    |    11 |       ||    11
Dodge: Dodged            |    41 |       ||    41

Table legend: (Time is in decaauts)
 A = Elapsed time spent in this place.
 B = Non-inter-level travel time spent in this place.
 C = Inter-level travel time spent in this place.
 D = Time resting spent in this place.
 E = Time spent auto-exploring this place.
 F = Levels seen in this place.
 G = Mean time per level.
                   A        B        C        D        E       F      G
               +--------+--------+--------+--------+--------+-----+--------+
         Total |   2134 |   2015 |    119 |      0 |   1706 |   6 |  355.7 |
       Dungeon |   2134 |   2015 |    119 |      0 |   1706 |   6 |  355.7 |
               +--------+--------+--------+--------+--------+-----+--------+

Top non-repeatable levels by time:
     D:1: 1032 daAuts
     D:3: 926 daAuts
     D:2: 104 daAuts
     D:5: 66 daAuts
     D:6: 3 daAuts
     D:4: 1 daAuts
